 Dungeon Crawl Stone Soup version 0.30.1-11-g7821555f0a (webtiles) character file.

Game seed: 296732940806742705

943 BabyfaceFinlayson the Ruffian (level 7, -2/62 HPs)
             Began as a Minotaur Monk on Dec 27, 2023.
             Slain by a gnoll
             ... wielding a +0 spear
             ... led by a gnoll bouda
              (6 damage)
             ... on level 5 of the Dungeon.
             The game lasted 00:10:33 (4079 turns).

BabyfaceFinlayson the Ruffian (Minotaur Monk)       Turns: 4079, Time: 00:10:34

Health: -2/62      AC:  0    Str: 17    XL:     7   Next: 88%
Magic:  6/6        EV: 13    Int:  7    God:
Gold:   94         SH:  5    Dex: 13    Spells: 6/6 levels left

rFire   + . .        p - +7 dagger "Wongoufa" {heavy, rF+ rC+}
rCold   + . .        c - orb {light}
rNeg    . . .        (no body armour)
rPois   .            (helmet restricted)
rElec   .            (no cloak)
rCorr   .            (no gloves)
SInv    +            (no boots)
Will    .....        n - amulet of reflection
Stlth   +            z - ring of flight
HPRegen 0.30/turn    A - ring of see invisible
MPRegen 0.10/turn

%: reflection
@: mighty, weakened, attractive, flying, glowing
A: horns 2, retaliatory headbutt
a: no special abilities


You were on level 5 of the Dungeon.
You visited 1 branch of the dungeon, and saw 5 of its levels.

You collected 94 gold pieces.

Inventory:

Hand Weapons
 p - the +7 dagger "Wongoufa" (weapon) {heavy, rF+ rC+}
   (You found it on level 2 of the Dungeon)

   rF:        It protects you from fire.
   rC:        It protects you from cold.
Missiles
 w - a throwing net (quivered)
 x - 4 javelins
Armour
 c - an orb of light (worn)
 e - a +0 plate armour
 k - a +0 chain mail
Jewellery
 n - an amulet of reflection (around neck)
 z - a ring of flight (left hand)
 A - a ring of see invisible (right hand)
Wands
 q - a wand of flame (26)
Scrolls
 a - 2 scrolls of immolation {unknown}
 f - 3 scrolls of amnesia {unknown}
 g - a scroll of enchant weapon {unknown}
 i - 4 scrolls of teleportation {unknown}
 j - 2 scrolls of noise {unknown}
 m - a scroll of torment {unknown}
 s - a scroll of acquirement {unknown}
 v - a scroll of summoning {unknown}
 y - a scroll of magic mapping {unknown}
Potions
 b - 2 potions of ambrosia
 h - 2 potions of flight
 l - a potion of might
 o - 2 potions of attraction
 r - a potion of curing
 t - 3 potions of brilliance
 u - a potion of lignification {unknown}


   Skills:
 + Level 5.8 Fighting
 + Level 3.0 Short Blades
 + Level 1.3 Throwing
 + Level 4.8 Armour
 + Level 4.7 Dodging
 + Level 0.5 Stealth
 + Level 2.0 Shields
 + Level 6.1 Unarmed Combat


You had 6 spell levels left.
You didn't know any spells.
Your spell library contained the following spells:

 Spells                   Type           Power      Damage    Failure   Level
 Cause Fear               Hex            0%         N/A       99%         4
 Dragon Form              Tmut           0%         N/A       100%        7
 Dragon's Call            Summ           0%         N/A       100%        9


Dungeon Overview and Level Annotations

Branches:
Dungeon (5/15)
 Temple: D:4-7

Altars:
Gozag
Kikubaaqudgha
Makhleb
Wu Jian


Innate Abilities, Weirdness & Mutations

You have a pair of horns on your head.
You reflexively headbutt those who attack you in melee.


Message History

The gnoll hits you from afar with a +0 spear.
The gnoll bouda hits you with a +0 club!
You hit the gnoll bouda. You headbutt the gnoll bouda.
The gnoll bouda is heavily wounded.
The gnoll closely misses you. The gnoll bouda barely misses you.
The gnoll barely misses you.
Unknown command.
You hit the gnoll bouda. You headbutt the gnoll bouda.
The gnoll bouda is severely wounded.
The gnoll bouda hits you with a +0 club!
The gnoll barely misses you.
The gnoll bouda hits you with a +0 club!
You hit the gnoll bouda but do no damage.
The gnoll bouda is severely wounded.
The gnoll closely misses you.
The gnoll bouda hits you with a +0 club!
* * * LOW HITPOINT WARNING * * *
Really read the scroll of poison?
Uppercase [Y]es or [N]o only, please.
Really read the scroll of poison?
The air fills with toxic fumes!
As you read the scroll of poison, it crumbles to dust.
The gnoll barely misses you. The gnoll bouda completely misses you.
It was a potion of attraction.
You feel attractive to monsters.
The gnoll hits you from afar with a +0 spear.
* * * LOW HITPOINT WARNING * * *
The gnoll bouda misses you.
It was a potion of curing.
You feel better.
The gnoll hits you from afar with a +0 spear!
* * * LOW HITPOINT WARNING * * *
The gnoll bouda hits you with a +0 club!
* * * LOW HITPOINT WARNING * * *
You feel better. The gnoll closely misses you.
The gnoll bouda hits you with a +0 club!
* * * LOW HITPOINT WARNING * * *
It was a potion of might.
You feel very mighty all of a sudden.
The gnoll hits you from afar with a +0 spear.
You die...

. #§. #§§§§########
#§§§§§§g@§§§#
#§§§§§g§#§§§###+##
.§§§§§§§#§§§§§§§.#
###§##§§#§§§§###.#
§§..#######§§##..#
.§..........§§§§..#
##+#######'####§..#
....###.....###..#
...###.....####..#


You could see a gnoll bouda and a gnoll (swift).

Vanquished Creatures
  Sigmund (D:2)
  Menkaure (D:4)
  An orc warrior (D:5)
  An ogre (D:4)
  Blork the orc (D:4)
  An orc priest (D:2)
  Natasha (thrice) (D:2)
  An iguana (D:5)
  3 orc wizards
  10 gnolls
  An adder (D:3)
  2 worms
  2 dart slugs
  20 orcs
  8 ball pythons
  3 endoplasms
  5 giant cockroaches
  A goblin (D:1)
  3 hobgoblins
  4 jackals (D:4)
  6 kobolds
  A quokka (D:4)
  4 bats
  A frilled lizard (D:2)
  4 rats
88 creatures vanquished.

Notes
Turn   | Place    | Note
-------+----------+-------------------------------------------
     0 | D:1      | BabyfaceFinlayson the Minotaur Monk began the quest for the
                  | Orb.
     0 | D:1      | Reached XP level 1. HP: 19/19 MP: 0/0
   234 | D:1      | Reached XP level 2. HP: 27/27 MP: 1/1
  1014 | D:2      | Noticed Sigmund
  1028 | D:2      | Killed Sigmund
  1029 | D:2      | Reached skill level 1 in Armour
  1029 | D:2      | Reached skill level 5 in Unarmed Combat
  1029 | D:2      | Reached XP level 3. HP: 22/35 MP: 2/2
  1029 | D:2      | Reached XP level 4. HP: 26/41 MP: 3/3
  1029 | D:2      | Reached XP level 5. HP: 30/47 MP: 4/4
  1124 | D:2      | Found a faded altar of an unknown god.
  1139 | D:2      | Reached skill level 5 in Fighting
  1259 | D:2      | Identified the +7 dagger "Wongoufa" {heavy, rF+ rC+}
  1288 | D:2      | Noticed Natasha
  1294 | D:2      | Killed Natasha
  1303 | D:2      | Reached XP level 6. HP: 29/56 MP: 5/5
  1531 | D:2      | Noticed Natasha
  1535 | D:2      | Killed Natasha
  1611 | D:2      | Noticed Natasha
  1616 | D:2      | Killed Natasha
  2058 | D:3      | Reached skill level 6 in Unarmed Combat
  2748 | D:4      | Noticed Menkaure
  2753 | D:4      | Killed Menkaure
  2754 | D:4      | Reached skill level 1 in Short Blades
  2754 | D:4      | Reached skill level 1 in Shields
  2754 | D:4      | Reached XP level 7. HP: 52/61 MP: 6/6
  2853 | D:4      | Reached skill level 1 in Throwing
  2982 | D:4      | Noticed Blork the orc
  2991 | D:4      | Killed Blork the orc
  3044 | D:4      | Found a burning altar of Makhleb.
  3045 | D:4      | Found an ancient bone altar of Kikubaaqudgha.
  3265 | D:4      | Found an ornate altar of the Wu Jian Council.
  3316 | D:4      | Found an opulent altar of Gozag.
  3820 | D:5      | Entered Level 5 of the Dungeon
  4077 | D:5      | HP: 1/62 [gnoll bouda/+0 club (8)]
  4079 | D:5      | Slain by a gnoll

Illustrated notes

Levels and vault maps discovered:
D:1:      dpeg_arrival_refuge, layout_basic, minmay_misc_feat_encased
D:2:      layout_rooms, nicolae_ecumenical_pavilion, nicolae_titane,
          uniq_natasha, uniq_sigmund
D:3:      layout_basic, serial_co_window_serial, co_window_of_opportunity_a,
          co_window_corner_a, co_window_paths_a, co_window_cross_1,
          co_window_paths_b, co_window_broadway_c, co_window_unsneaky_path_a,
          co_window_broadway_a, co_window_unsneaky_path_d, co_window_corner_ca,
          co_window_corner_ca, minmay_misc_feat_diagonals,
          kennysheep_generic_room_12
D:4:      layout_basic, general_overflow_altar, mainiacjoe_overflow_alcove_4,
          gammafunk_temple_overflow_pools, uniq_menkaure, uniq_blork_the_orc
D:5:      layout_gridville, minmay_temple_entry_glassed_door,
          minmay_misc_feat_secret_circle, minmay_quadrilaterals

Skill      XL: |  1  2  3  4  5  6  7 |
---------------+----------------------+-----
Fighting       | 4 5 |  5.8
Armour         | 1 2 3 4 |  4.8
Dodging        | 4 |  4.7
Unarmed Combat | 5 6 |  6.1
Short Blades   | 1 3 |  3.0
Shields        | 1 2 |  2.0
Throwing       | 1 |  1.3
Stealth        | |  0.5

Action                     |  1- 3 |  4- 6 |  7- 9 || total
---------------------------+-------+-------+-------++-------
  Melee: Unarmed           |    28 |    17 |       ||    45
         Headbutt          |     7 |    14 |    14 ||    35
         Dagger            |       |    54 |    60 ||   114
  Throw: Javelin           |       |     9 |     4 ||    13
    Use: Scroll            |     1 |     2 |     2 ||     5
         Potion            |       |       |     5 ||     5
 Armour: Robe              |     1 |       |       ||     1
         Chain mail        |     2 |    57 |    32 ||    91
         Leather armour    |     1 |       |       ||     1
  Dodge: Dodged            |    10 |    44 |    40 ||    94
  Block: Orb               |       |    17 |    14 ||    31
         Reflection        |       |     1 |       ||     1
